 Dungeon Crawl Stone Soup version 0.24.0-123-gd5b16e6ec5 (webtiles) character file.

Game seed: 2500637888160467956, levelgen mode: deterministic

89 Curus the Chopper (level 4, -1/39 HPs)
             Began as a Hill Orc Abyssal Knight on Jan 14, 2020.
             Was a Believer of Lugonu.
             Slain by a worm (8 damage)
             ... on level 2 of the Dungeon.
             The game lasted 00:06:12 (1483 turns).

Curus the Chopper (Hill Orc Abyssal Knight)         Turns: 1483, Time: 00:06:13

Health: -1/39      AC: 12    Str: 14    XL:     4   Next: 55%
Magic:  7/7        EV:  4    Int: 12    God:    Lugonu [**....]
Gold:   43         SH:  0    Dex: 11    Spells: 3/3 levels left

rFire    + . .     SeeInvis .   a - +1 hand axe
rCold    + . .     Gourm    .   (no shield)
rNeg     . . .     Faith    .   d - +0 plate armour
rPois    .         Spirit   .   (no helmet)
rElec    .         Reflect  .   f - scarf {rC+ rF+}
rCorr    .         Harm     .   o - +0 pair of gloves (curse)
MR       +....                  (no boots)
Stlth    ..........             e - amulet of rage
HPRegen  0.13/turn              (no ring)
MPRegen  0.10/turn              (no ring)

@: no status effects
A: magic resistance 1
a: Depart the Abyss, Bend Space, Renounce Religion, Evoke Berserk Rage


You were on level 2 of the Dungeon.
You worshipped Lugonu.
Lugonu was pleased with you.
You were not hungry.

You visited 1 branch of the dungeon, and saw 2 of its levels.
You visited the Abyss 1 time.

You collected 43 gold pieces.

Inventory:

Hand Weapons
 a - a +1 hand axe (weapon)
 j - a +1 flail of protection
Armour
 b - a +0 leather armour
 d - a +0 plate armour (worn)
 f - a scarf of resistance (worn)
 o - a cursed +0 pair of gloves (worn)
Jewellery
 e - an amulet of rage (around neck)
 g - an uncursed ring of teleportation
Scrolls
 k - a scroll of identify
 l - a scroll of remove curse
 n - 3 scrolls of teleportation
Potions
 h - 3 potions of curing
 i - a potion of mutation
Comestibles
 c - 5 rations
 m - a chunk of flesh


   Skills:
 - Level 3.6 Fighting
 + Level 4.7 Axes
 - Level 2.1 Armour
 - Level 0.7 Dodging
 + Level 4.5 Invocations


You had 3 spell levels left.
You didn't know any spells.
Your spell library was empty.

Dungeon Overview and Level Annotations

Branches:
Dungeon (2/15)

Altars:
Trog
Xom


Innate Abilities, Weirdness & Mutations

You are resistant to hostile enchantments. (MR+)


Message History

You kill the worm!
Lugonu accepts your kill.
You hit the worm.
The worm is lightly wounded.
You hit the worm.
The worm is lightly wounded.
The worm bites you but does no damage.
You hit the worm.
The worm is moderately wounded.
The worm bites you but does no damage.
You hit the worm but do no damage.
The worm is moderately wounded.
You hit the worm.
The worm is heavily wounded.
The worm bites you!
* * * LOW HITPOINT WARNING * * *
You slash the worm!
The worm is almost dead.
The worm bites you!
You die...

....###.#..##.########.#####
###.##.##.>................#
.### #
#.###.#..............###)##....
# #.# ##..##w.##########
#.###### # #.# ##.#.#.#### #.#
# #.###.w##....# #.# #
##....######.# #.# #
#####.##### #w# #.# # 'w.#.##
##### #@# ###.# # ###.## ...#
#รท# #...# # # ### # #.###.#
#.### # # #. #....<# #.# #
#.###.###########.# #.....#
##...##.# ###.### ##.###.#)#
#.# #.## ##..# #.# #.# #..####


You could see a worm.

Vanquished Creatures
  2 adders (D:2)
  2 dart slugs (D:2)
  4 worms (D:2)
  2 leopard geckos
  5 bats
  A giant cockroach (D:2)
  6 goblins
  6 hobgoblins
  6 jackals (D:2)
  5 kobolds
  A quokka (D:2)
  2 ball pythons (D:1)
  7 frilled lizards
  5 rats
54 creatures vanquished.

Notes
Turn   | Place    | Note
-------+----------+-------------------------------------------
     0 | Abyss:1  | Curus the Hill Orc Abyssal Knight began the quest for the
                  | Orb.
     0 | Abyss:1  | Reached XP level 1. HP: 19/19 MP: 2/2
     4 | Abyss:1  | Noticed a thrashing horror
     4 | Abyss:1  | Noticed a tyrant leech
     5 | Abyss:1  | Noticed a tyrant leech
     7 | D:1      | Escaped the Abyss
   108 | D:1      | Reached XP level 2. HP: 22/26 MP: 4/4
   146 | D:1      | Reached * piety under Lugonu
   331 | D:1      | Gained mutation: Your magical capacity is low. (-10% MP)
                  | [potion of mutation]
   331 | D:1      | Gained mutation: You are resistant to hostile enchantments.
                  | (MR+) [potion of mutation]
   331 | D:1      | Lost mutation: Your magical capacity is low. (-10% MP)
                  | [potion of mutation]
   342 | D:1      | Reached XP level 3. HP: 31/31 MP: 5/5
   931 | D:2      | Reached ** piety under Lugonu
   949 | D:2      | Found a shimmering altar of Xom.
  1001 | D:2      | Reached XP level 4. HP: 39/39 MP: 7/7
  1420 | D:2      | Noticed a moth of wrath
  1422 | D:2      | Found a bloodstained altar of Trog.
  1483 | D:2      | Slain by a worm

Levels and vault maps discovered:
D:1:      minmay_arrival_checkered_box, layout_loops_ring, chequers_big_river
D:2:      layout_loops_ring, lemuel_crystal_altar, tgw_trog

Skill      XL: |  1  2  3 |
---------------+----------+-----
Axes           | 3 4 |  4.7
Invocations    | 3 4 |  4.5
Fighting       | |  3.6
Armour         | |  2.1
Dodging        | |  0.7

Action                   |  1- 3 |  4- 6 || total
-------------------------+-------+-------++-------
Melee: Hand axe          |   138 |    98 ||   236
Invok: Depart the Abyss  |     1 |       ||     1
  Use: Potion            |     5 |       ||     5
       Scroll            |     4 |     1 ||     5
  Eat: Chunk             |       |     2 ||     2
Armor: Plate armour      |   110 |    48 ||   158
       Leather armour    |     3 |       ||     3
Dodge: Dodged            |    42 |    18 ||    60
